 Dungeon Crawl Stone Soup version 0.18-a0-1805-g8ab820f (webtiles) character file.

326 warlockg3 the Firebug (level 6, -3/47 HPs)
             Began as a Draconian Fire Elementalist on Apr 26, 2016.
             Was a Follower of Vehumet.
             Slain by a gnoll
             ... wielding a +0 flail
              (7 damage)
             ... on level 3 of the Dungeon.
             The game lasted 00:22:12 (7047 turns).

warlockg3 the Firebug (Draconian Fire Elementalist) Turns: 7047, Time: 00:22:13

Health: -3/47      AC:  6    Str: 11    XL:     6   Next: 24%
Magic:  6/10       EV: 11    Int: 17    God:    Vehumet [*.....]
Gold:   117        SH:  0    Dex: 11    Spells: 3 memorised, 6 levels left

rFire  . . .     SeeInvis .     d - +1 spear
rCold  . . .     Gourm    .     (armour unavailable)
rNeg   . . .     Faith    .     (no shield)
rPois  .         Spirit   .     (helmet restricted)
rElec  .         Dismiss  .     (no cloak)
rCorr  .         Reflect  .     (no gloves)
SustAt .         Harm     .     (no boots)
MR     .....                    (no amulet)
Stlth  +.........               (no ring)
                                (no ring)

@: very slightly contaminated, heavily drained, not resistant to hostile
enchantments, very unstealthy
A: unfitting armour, cold-blooded, AC +6
a: Renounce Religion


You were on level 3 of the Dungeon.
You worshipped Vehumet.
Vehumet was aware of your devotion.
You were not hungry.

You visited 1 branch of the dungeon, and saw 4 of its levels.

You collected 117 gold pieces.

Inventory:

Hand Weapons
 d - a +1 spear (weapon)
 t - a +2 whip of flaming
Armour
 m - a +0 buckler
Scrolls
 e - 5 scrolls of identify
 g - a scroll of enchant armour
 h - a scroll of remove curse
 k - a scroll of immolation
 s - a scroll of enchant weapon
Books
 a - a book of Flames

   Spells                             Type                      Level
   a - Flame Tongue                   Conjuration/Fire             1
   b - Throw Flame                    Conjuration/Fire             2
   c - Conjure Flame                  Conjuration/Fire             3
   d - Inner Flame                    Hexes/Fire                   3
   e - Sticky Flame                   Conjuration/Fire             4
   f - Fireball                       Conjuration/Fire             5
Comestibles
 o - 2 fruits
 u - a meat ration
 v - a slice of pizza


   Skills:
 + Level 1.4(0.0) Fighting
 + Level 1.8(0.0) Polearms
 + Level 3.1(1.0) Dodging
 - Level 2.7(0.6) Stealth
 + Level 2.9(0.7) Spellcasting
 + Level 1.9(0.0) Conjurations
 * Level 4.4(2.2) Fire Magic
 + Level 0.2(0.0) Poison Magic


You had 6 spell levels left.
You knew the following spells:

 Your Spells              Type           Power        Failure   Level  Hunger
a - Flame Tongue          Conj/Fire      #....        17%         1    ##.....
b - Throw Flame           Conj/Fire      #.....       24%         2    ###....
c - Sting                 Conj/Pois      #...         24%         1    ##.....


Dungeon Overview and Level Annotations

Branches:
Dungeon (4/15)
 Temple: D:4-7

Altars:
Okawaru
Vehumet

Annotations:
D:4 warlockg3's ghost, amateur DrTm


Innate Abilities, Weirdness & Mutations

Your plain brown scales are hard (AC +6).
Your body does not fit into most forms of armour.
You are cold-blooded and may be slowed by cold attacks.


Message History

Confirm with . or Enter, or press ? or * to list all spells.
Aiming: Throw Flame
Press: ? - help, Shift-Dir - straight line, f/p - gnoll
Aim: a gnoll, wielding a flail (moderately wounded)
You miscast Throw Flame.
You feel a strange surge of energy!
The gnoll hits you from afar with a spear.
The gnoll barely misses you.
The gnoll hits you from afar with a spear.
You hit the gnoll but do no damage.
The gnoll is moderately wounded.
The gnoll barely misses you.
The gnoll hits you from afar with a spear.
The gnoll hits you with a flail!
* * * LOW HITPOINT WARNING * * *
The gnoll hits you from afar with a spear.
* * * LOW HITPOINT WARNING * * *
You closely miss the gnoll.
The gnoll is moderately wounded.
The gnoll hits you but does no damage. The gnoll hits you with a flail!
You die...

..# #.#.#..#..#(#..+#..#..#......
#.# #.#.......)(#####'###†####...
#.# #.###..#.#.(##.†'.....'..#...
#.# #.# #..#.....#..#.....#..####
#.# #.###..###..#####.....####
#[# #..........>.#..#.....#..#
#)#######......gg#..#.....#..#
.......†..######g#'####'####'####
....##.#### #.#@(...............
....'..# #.................##
....##.# #.##.............##
....##.# #.###'####'####'##
....##'#######.# #..#.....#..####
....#........#.# #..#.....#..#...
....#........#.# ####.....####...
....#........#.# #..#.....#..#...
....#........'.# #..÷.....'..#...


You could see 3 gnolls.

Vanquished Creatures
  An orc wizard (D:3)
  Ijyb (D:1)
  2 worker ants (D:4)
  A gnoll (D:3)
  13 adders
  2 oozes
  5 worms
  2 dart slugs
  2 giant geckos (D:1)
  4 orcs (D:3)
  3 giant cockroaches
  8 goblins
  A hobgoblin (D:2)
  3 jackals (D:3)
  A quokka (D:3)
  8 ball pythons
  6 bats
  6 giant newts
  9 kobolds
  3 rats
81 creatures vanquished.

Notes
Turn   | Place    | Note
--------------------------------------------------------------
     0 | D:1      | warlockg3 the Draconian Fire Elementalist began the quest for the Orb.
     0 | D:1      | Reached XP level 1. HP: 14/14 MP: 3/3
   251 | D:1      | Reached XP level 2. HP: 13/20 MP: 3/5
   792 | D:1      | Learned a level 2 spell: Throw Flame
   935 | D:2      | Noticed Ijyb
   959 | D:1      | Killed Ijyb
   959 | D:1      | Reached XP level 3. HP: 16/26 MP: 1/6
  1243 | D:2      | Found an iron altar of Okawaru.
  1332 | D:2      | Reached XP level 4. HP: 33/33 MP: 7/7
  1484 | D:2      | Found a radiant altar of Vehumet.
  1502 | D:2      | Became a worshipper of Vehumet
  2214 | D:3      | Reached skill level 1 in Polearms
  2592 | D:3      | Reached skill level 1 in Fighting
  2701 | D:3      | Reached skill level 4 in Fire Magic
  2701 | D:3      | Reached XP level 5. HP: 39/40 MP: 8/8
  3047 | D:3      | Reached * piety under Vehumet
  3047 | D:3      | Offered knowledge of Sting by Vehumet.
  3050 | D:3      | Learned a level 1 spell: Sting
  4472 | D:4      | Reached XP level 6. HP: 36/47 MP: 3/10
  5535 | D:4      | Noticed warlockg3's ghost (amateur DrTm)
  7047 | D:3      | Slain by a gnoll

Vault maps used:
D:1:      dpeg_arrival_arbitrary_c
D:2:      okawaru_trees_2, lemuel_round_altar, uniq_iyjb
D:3:      minmay_snake_closets
D:4:      gammafunk_temple_overflow_elements, first_bread, minmay_misc_feat_chi

Skill      XL: |  1  2  3  4  5 |
---------------+----------------+-----
Stealth        | 2 |  2.7
Dodging        | 2 3 |  3.1
Polearms       | 1 |  1.8
Fighting       | 1 |  1.4
Fire Magic     | 4 |  4.4
Spellcasting   | |  2.9
Conjurations   | |  1.9
Poison Magic   | |  0.2

Action                   |  1- 3 |  4- 6 || total
-------------------------+-------+-------++-------
Melee: Spear             |    80 |   278 ||   358
       Unarmed           |     1 |       ||     1
       Tailslap          |     4 |    21 ||    25
 Cast: Flame Tongue      |     8 |    26 ||    34
       Throw Flame       |     4 |    37 ||    41
       Sting             |       |     2 ||     2
  Use: Potion            |     1 |     9 ||    10
       Scroll            |       |     7 ||     7
 Stab: Sleeping          |     1 |     5 ||     6
  Eat: Bread ration      |     1 |     2 ||     3
       Chunk             |       |     4 ||     4
       Beef jerky        |       |     2 ||     2
       Royal jelly       |       |     1 ||     1
       Fruit             |       |     1 ||     1
Armor: Skin              |    23 |   112 ||   135
Dodge: Dodged            |    60 |   178 ||   238
